AoeStats
← ZamSerg

African Clearing

506355305Analyzed
4v4 RM · 19d ago on Sep 13, 2026· 45m 36s· 8 players
Game mode
Random Map
Map size
Large (8 player)
Population
200
Speed
Normal
Resources
Standard
Victory
Conquest
Starting age
Dark Age
Ending age
Imperial Age
RankedLock teamsTeams togetherTeam positionsShared explorationLock speedFull tech treeHidden civsTurbo modeCheats
Victory
Defeat
🇮🇳 Spanish · India
1300
+12
🇻🇳 Malay · Vietnam
1279
+13
🇻🇳 Mongols · Vietnam
1226
+15
1188
+18
🇷🇺 Jurchens · Russia
1249
-16
🇩🇰 Persians · Denmark
1229
-15
🇪🇸 Chinese · Spain
1224
-15
🇪🇸 Mongols · Spain
1158
-12
Jota
3:36 Loom
14:03 Feudal Age
17:52 Castle Age
17:11 Double-Bit Axe
21:01 Bow Saw
21:13 Horse Collar
23:12 Stone Mining
24:49 Heavy Plow
25:54 Wheelbarrow
26:57 Hand Cart
27:43 Fletching
28:57 Gold Mining
30:06 Padded Archer Armor
30:02 Bodkin Arrow
30:49 Ballistics
35:29 Imperial Age
33:38 Gold Shaft Mining
33:39 Stone Shaft Mining
33:29 Leather Archer Armor
34:05 Scale Mail Armor
34:12 Great Wall
35:09 Fortified Wall
35:10 Masonry
34:29 Pikeman
35:16 Squires
35:02 Arson
35:42 Chain Mail Armor
35:39 Forging
36:42 Conscription
35:43 Halberdier
37:01 Iron Casting
36:58 Plate Mail Armor
36:29 Bracer
37:00 Ring Archer Armor
36:40 Town Watch
37:12 Elite Chu Ko Nu
39:25 Blast Furnace
40:10 Chemistry
42:23 Architecture
41:50 Murder Holes
42:16 Elite Fire Lancer
44:43 Bombard Tower
44:08 Arrowslits
44:14 Guard Tower
lsh2911
12:02 Feudal Age
12:58 Loom
16:16 Castle Age
14:24 Double-Bit Axe
19:47 Wheelbarrow
32:35 Husbandry
33:20 Bloodlines
34:46 Scale Barding Armor
34:53 Forging
35:57 Chain Barding Armor
35:43 Horse Collar
Gordo Cabron
10:40 Loom
12:27 Feudal Age
18:42 Castle Age
16:51 Double-Bit Axe
17:46 Fletching
19:45 Scale Barding Armor
19:37 Bodkin Arrow
19:41 Gold Mining
23:41 Pikeman
24:48 Scale Mail Armor
28:51 Husbandry
29:39 Padded Archer Armor
29:19 Elite Skirmisher
31:13 Forging
35:36 Chain Mail Armor
ZamSerg
4:48 Loom
13:46 Feudal Age
15:15 Double-Bit Axe
17:55 Wheelbarrow
19:10 Horse Collar
22:40 Castle Age
23:50 Scale Barding Armor
24:01 Forging
24:23 Bloodlines
24:39 Bow Saw
24:55 Husbandry
32:27 Heavy Plow
33:13 Chain Barding Armor
33:05 Gold Mining
36:22 Gold Shaft Mining
35:37 Stone Mining
38:13 Hand Cart
41:22 Imperial Age
38:37 Town Watch
39:31 Iron Casting
38:46 Fletching
39:06 Siege Engineers
39:11 Fortified Wall
39:22 Ballistics
39:13 Masonry
40:35 Murder Holes
42:47 Plate Barding Armor
43:13 Blast Furnace
42:09 Bodkin Arrow
44:22 Two-Man Saw
43:56 Conscription
45:18 Guard Tower
46:29 Chemistry
prahappy
6:52 Loom
13:34 Feudal Age
17:09 Castle Age
15:11 Double-Bit Axe
15:21 Horse Collar
15:53 Horse Collar
18:05 Bow Saw
26:39 Wheelbarrow
29:14 Hand Cart
33:40 Imperial Age
32:57 Bloodlines
32:55 Husbandry
33:14 Scale Barding Armor
33:01 Gold Mining
34:41 Chain Barding Armor
33:48 Cavalier
34:50 Conscription
36:06 Plate Barding Armor
35:12 Paladin
37:11 Forging
38:29 Iron Casting
40:11 Blast Furnace
39:53 Stone Mining
40:06 Heavy Plow
41:44 Hoardings
42:56 Stone Shaft Mining
43:45 Padded Archer Armor
44:47 Two-Man Saw
神速デュバリィ
5:28 Loom
13:01 Feudal Age
14:17 Double-Bit Axe
19:48 Castle Age
18:29 Stone Mining
19:05 Gold Mining
21:33 Scale Barding Armor
24:00 Husbandry
25:34 Fervor
25:26 Horse Collar
28:08 Wheelbarrow
28:20 Bow Saw
31:23 Town Watch
31:45 Heavy Plow
32:23 Chain Barding Armor
34:22 Forging
34:25 Bloodlines
39:12 Imperial Age
37:43 Hand Cart
39:51 Iron Casting
39:20 Cavalier
40:38 Plate Barding Armor
40:45 Gold Shaft Mining
41:49 Conscription
42:34 Two-Man Saw
43:24 Savar
45:39 Blast Furnace
45:59 Crop Rotation
piecardinap
4:48 Loom
12:36 Feudal Age
14:27 Double-Bit Axe
17:21 Castle Age
22:56 Wheelbarrow
23:21 Stone Mining
23:22 Gold Mining
25:35 Horse Collar
28:52 Fletching
32:55 Imperial Age
30:36 Fletching
33:30 Bow Saw
36:00 Conscription
35:38 Bodkin Arrow
35:53 Forging
35:49 Scale Barding Armor
36:06 Ballistics
38:00 Chemistry
37:39 Husbandry
37:50 Bloodlines
38:33 Elite Mangudai
40:48 Thumb Ring
41:09 Parthian Tactics
41:12 Bracer
41:33 Chain Barding Armor
43:20 Iron Casting
43:14 Hand Cart
mryendl2410
11:46 Loom
13:57 Feudal Age
19:25 Castle Age
18:03 Double-Bit Axe
20:28 Bow Saw
21:05 Fishing Lines
22:36 Wheelbarrow
24:48 Horse Collar
25:59 Heavy Plow
26:06 Scale Barding Armor
26:19 Husbandry
27:30 Forging
29:56 Iron Casting
41:01 Imperial Age
41:39 Coinage
40:57 Elite Battle Elephant
43:39 Blast Furnace
Connection lost

Rejoining the realm…

Still unreachable

The connection could not be restored.

Session expired

The server has moved on; the page needs a fresh start.